 Dungeon Crawl Stone Soup version 0.29.1-15-g9cfb28693d (webtiles) character file.

Game seed: 748264349589072816

34 EarthwalkerPL the Shield-Bearer (level 3, 0/36 HPs)
             Began as a Troll Fighter on Apr 27, 2023.
             Slain by a gnoll
             ... wielding a +0 whip
              (6 damage)
             ... on level 2 of the Dungeon.
             The game lasted 00:01:38 (1128 turns).

EarthwalkerPL the Shield-Bearer (Troll Fighter)     Turns: 1128, Time: 00:01:39

Health: 0/36       AC:  4    Str: 26    XL:     3   Next: 14%
Magic:  2/2        EV:  8    Int:  4    God:
Gold:   86         SH:  7    Dex:  9    Spells: 2/2 levels left

rFire   . . .      SeeInvis .     - Unarmed
rCold   . . .      Faith    .   b - +0 kite shield
rNeg    . . .      Spirit   .   a - +0 robe
rPois   .          Reflect  .   (helmet restricted)
rElec   .          Harm     .   (no cloak)
rCorr   .          Rampage  .   (gloves unavailable)
Will    .....                   (boots unavailable)
Stlth   +.........              (no amulet)
HPRegen 0.92/turn               (no ring)
MPRegen 0.08/turn               (no ring)

@: no status effects
A: large, unfitting armour, claws 3, regeneration 1, shaggy fur 1, tough skin 1
a: no special abilities


You were on level 2 of the Dungeon.
You visited 1 branch of the dungeon, and saw 3 of its levels.

You collected 86 gold pieces.

Inventory:

Armour
 a - a +0 robe (worn)
 b - a +0 kite shield (worn)
Scrolls
 e - a scroll of enchant weapon {unknown}
 f - a scroll of identify {unknown}
 g - a scroll of acquirement {unknown}
 i - a scroll of blinking {unknown}
Potions
 c - a potion of might
 d - a potion of curing {unknown}
 h - 2 potions of degeneration {unknown}


   Skills:
 * Level 2.8 Fighting
 * Level 2.8 Dodging
 + Level 2.9 Shields
 * Level 2.4 Unarmed Combat


You had 2 spell levels left.
You didn't know any spells.
Your spell library contained the following spells:

 Spells                   Type           Power      Damage    Failure   Level
 Call Canine Familiar     Summ           0%         N/A       99%         3
 Portal Projectile        Hex/Tloc       0%         N/A       99%         3
 Leda's Liquefaction      Hex/Erth       0%         N/A       100%        4


Dungeon Overview and Level Annotations

Branches:
Dungeon (3/15)

Altars:

Annotations:
D:2 Robin


Innate Abilities, Weirdness & Mutations

You are too large for most types of armour.
You have claws for hands.
Your natural rate of healing is unusually fast.
You are covered in fur. (AC +1)
You have tough skin. (AC +1)


Message History

Things that are here:
a +0 club; a +0 club You block the gnoll's attack.
There is a stone staircase leading up here.
The gnoll hits you with a +0 whip.
You climb upwards.
Level annotation: Robin The goblin hits you but does no damage. x2
Robin roars a battlecry!
The goblins go into a battle-frenzy!
The goblin hits you but does no damage. x2
There is a stone staircase leading down here.
The goblin attacks as you move away! The goblin closely misses you.
The gnoll hits you with a +0 whip. The goblin completely misses you.
You scratch the goblin.
The goblin is moderately wounded.
You block the gnoll's attack. You block the goblin's attack. x2
You scratch the goblin but do no damage.
The goblin is moderately wounded.
The gnoll closely misses you. The goblin hits you with a +0 club.
You block the goblin's attack.
You claw the gnoll!
The gnoll is severely wounded.
The gnoll hits you with a +0 whip.
* * * LOW HITPOINT WARNING * * *
The goblin barely misses you. The goblin hits you with a +0 club.
* * * LOW HITPOINT WARNING * * *
The goblin attacks as you move away! The goblin barely misses you.
The gnoll attacks as you move away! The gnoll hits you with a +0 whip.
* * * LOW HITPOINT WARNING * * *
Robin throws the goblin at you!
* * * LOW HITPOINT WARNING * * *
You block the goblin's attack.
You barely miss the goblin. The gnoll barely misses you.
You block the goblin's attack.
You scratch the goblin.
You kill the goblin!
The goblin no longer looks unusually strong.
The gnoll hits you with a +0 whip.
You die...

### #.# ..# #.# #)# #@# ..
###g# #. #.#g# #. ####.#g#
#g +.>..#.# #g ###..#g#
##### #. #......# #†..#
.####g#####.#..#.#####.#.#
................>......#.#


You could see Robin, a gnoll, a hobgoblin (strong) and a goblin.

Vanquished Creatures
  2 dart slugs
  An endoplasm (D:1)
  2 giant cockroaches
  9 goblins
  3 hobgoblins
  A quokka (D:1)
  3 ball pythons
  2 bats (D:1)
  3 frilled lizards
  2 kobolds
  A rat (D:2)
29 creatures vanquished.

Notes
Turn   | Place    | Note
-------+----------+-------------------------------------------
     0 | D:1      | EarthwalkerPL the Troll Fighter began the quest for the
                  | Orb.
     0 | D:1      | Reached XP level 1. HP: 22/22 MP: 0/0
   387 | D:1      | Reached XP level 2. HP: 29/29 MP: 1/1
   841 | D:2      | Found a faded altar of an unknown god.
  1014 | D:2      | Noticed Robin
  1081 | D:3      | Reached XP level 3. HP: 34/36 MP: 2/2
  1128 | D:2      | Slain by a gnoll

Illustrated notes

Levels and vault maps discovered:
D:1:      shiori_arrival_elements, layout_basic, minmay_misc_feat_chi,
          minmay_misc_feat_x
D:2:      layout_basic, basic_ecumenical_altar, uniq_robin,
          uniq_crazy_yiuf_cottage, uniq_natasha
D:3:      layout_basic, lemuel_crystal_altar, chequers_serial_rivers_room_a,
          uniq_jessica

Action                   || total
-------------------------++-------
Melee: Unarmed           ||    95
Armor: Robe              ||    33
Dodge: Dodged            ||    55
Block: Kite shield       ||    44
